 Dungeon Crawl Stone Soup version 0.21-a0-525-ga34b322 (webtiles) character file.

1580 solxrula the Basher (level 8, -4/78 HPs)
             Began as a Troll Berserker on Dec 7, 2017.
             Was an Elder of Trog.
             Slain by Menkaure (20 damage)
             ... on level 7 of the Dungeon.
             The game lasted 00:20:47 (5157 turns).

solxrula the Basher (Troll Berserker)               Turns: 5157, Time: 00:20:49

Health: -4/78      AC:  5    Str: 28    XL:     8   Next: 60%
Magic:  7/7        EV: 11    Int:  3    God:    Trog [****..]
Gold:   345        SH:  0    Dex:  9    Spells: 7/7 levels left

rFire    + . .     SeeInvis .   a - +1 mace
rCold    x . .     Gourm    +   (no shield)
rNeg     + . .     Faith    .   b - +0 animal skin
rPois    .         Spirit   .   (helmet restricted)
rElec    .         Reflect  .   (no cloak)
rCorr    .         Harm     .   (gloves unavailable)
MR       .....                  (boots unavailable)
Stlth    +.........             (no amulet)
HPRegen  0.63/turn              e - ring of fire
MPRegen  0.10/turn              m - ring of positive energy

@: berserk cooldown, slowed, very slow
A: large, unfitting armour, claws 3, fast metabolism 3, gourmand, regeneration
1, shaggy fur 1, tough skin 2
a: Berserk, Trog's Hand, Brothers in Arms, Burn Spellbooks, Renounce Religion


You were on level 7 of the Dungeon.
You worshipped Trog.
Trog was greatly pleased with you.
You were not hungry.

You visited 1 branch of the dungeon, and saw 7 of its levels.

You collected 345 gold pieces.

Inventory:

Hand Weapons
 a - a +1 mace (weapon)
Armour
 b - a +0 animal skin (worn)
Jewellery
 e - a ring of fire (left claw)
 i - an uncursed ring of positive energy
 m - a ring of positive energy (right claw)
Wands
 q - a wand of clouds (2)
Scrolls
 f - a scroll of magic mapping
 g - 3 scrolls of identify
 k - 7 scrolls of remove curse
 n - 2 scrolls of enchant weapon
 o - 3 scrolls of teleportation
 r - a scroll of fog
Potions
 d - 3 potions of heal wounds
 j - a potion of might
 p - a potion of haste
 s - a potion of curing
Comestibles
 c - 7 bread rations
 h - 5 fruits
 l - a royal jelly
 t - a meat ration


   Skills:
 + Level 4.3 Fighting
 * Level 8.8 Maces & Flails
 + Level 3.9 Dodging
 + Level 1.0 Stealth


You had 7 spell levels left.
You didn't know any spells.

Dungeon Overview and Level Annotations

Branches:
Dungeon (7/15)             Temple (0/1) D:4

Altars:
Ashenzari
Fedhas
Nemelex Xobeh
Okawaru
Ru
Wu Jian
Zin

Portals:
Ossuary: D:6

Annotations:
D:7 Menkaure


Innate Abilities, Weirdness & Mutations

You are too large for most types of armour.
You have claws for hands.
Your metabolism is lightning-fast.
You like to eat raw meat.
Your natural rate of healing is unusually fast.
You are covered in fur. (AC +1)
You have very tough skin. (AC +2)


Message History

A red film seems to cover your vision as you go berserk!
You feel yourself moving faster!
You feel mighty!
You feel a lot more hungry. Menkaure casts a spell at you.
Pain shoots through your body!
You feel a strong urge to attack something.
You feel your anger nearly subside.
You are no longer berserk.
You are exhausted.
You feel yourself slow down. Menkaure barely misses you.
You hit Menkaure.
Menkaure is moderately damaged.
Menkaure hums in an indecipherable tongue.
Menkaure calls on the powers of darkness!
Your body is wracked with pain!
Menkaure closely misses you.
You thump Menkaure!
Menkaure is severely damaged.
Menkaure calls on the powers of darkness!
Your body is wracked with pain!
* * * LOW HITPOINT WARNING * * *
Menkaure hits you!!
You die...

############.
...#########............
......M@.....##......##
..############........##
#### #..........#
...##### #...>......#
#.....###.........<#
#.##..#...#..........#
#....................[
######<#..............
#.####...........


You could see Menkaure.

Vanquished Creatures
  Eustachio (D:4)
  An ice beast (D:5)
  A phantom (D:6)
  2 ogres
  2 centaurs (D:5)
  A bullfrog (D:6)
  A howler monkey (D:4)
  A bullfrog zombie (D:7)
  5 crimson imps
  A quasit (D:7)
  4 hounds
  An orc priest (D:4)
  A bullfrog skeleton (D:5)
  Jessica (D:2)
  An iguana (D:4)
  An orc wizard (D:3)
  2 worker ants (D:4)
  2 hound zombies
  A hound skeleton (D:7)
  A worker ant zombie (D:6)
  Robin (D:2)
  5 gnolls
  6 adders
  2 oozes
  An adder zombie (D:7)
  2 adder skeletons
  A worm (D:3)
  A dart slug (D:1)
  5 leopard geckos
  19 orcs
  7 giant cockroaches
  16 goblins
  11 hobgoblins
  5 jackals
  6 kobolds
  2 quokkas
  A ball python (D:2)
  9 bats
  3 frilled lizards (D:1)
  3 rats
137 creatures vanquished.

Notes
Turn   | Place    | Note
-------+----------+-------------------------------------------
     0 | D:1      | solxrula the Troll Berserker began the quest for the Orb.
     0 | D:1      | Reached XP level 1. HP: 22/22 MP: 0/0
   164 | D:1      | Reached skill level 3 in Maces & Flails
   169 | D:1      | Reached XP level 2. HP: 25/29 MP: 1/1
   552 | D:1      | Reached XP level 3. HP: 36/36 MP: 2/2
   759 | D:2      | Reached ** piety under Trog
  1041 | D:2      | Reached skill level 4 in Maces & Flails
  1041 | D:2      | Reached XP level 4. HP: 44/44 MP: 3/3
  1115 | D:2      | Noticed Jessica
  1120 | D:2      | Killed Jessica
  1285 | D:2      | Noticed Robin
  1318 | D:2      | Killed Robin
  1535 | D:2      | Reached XP level 5. HP: 50/52 MP: 4/4
  1763 | D:2      | Found a sacrificial altar of Ru.
  2131 | D:3      | Reached skill level 5 in Maces & Flails
  2181 | D:3      | Reached *** piety under Trog
  2599 | D:4      | Reached XP level 6. HP: 57/61 MP: 5/5
  2779 | D:4      | Reached skill level 6 in Maces & Flails
  2789 | D:4      | Found a blossoming altar of Fedhas.
  2838 | D:4      | Found a staircase to the Ecumenical Temple.
  2842 | D:4      | Noticed Eustachio
  2863 | D:4      | Killed Eustachio
  2863 | D:4      | Reached XP level 7. HP: 67/67 MP: 6/6
  3008 | D:4      | Found an iron altar of Okawaru.
  3008 | D:4      | Found a glowing silver altar of Zin.
  3469 | D:5      | Entered Level 5 of the Dungeon
  3692 | D:5      | Reached skill level 7 in Maces & Flails
  4041 | D:5      | Reached XP level 8. HP: 38/78 MP: 7/7
  4049 | D:5      | Found a sparkling altar of Nemelex Xobeh.
  4051 | D:5      | Found an ornate altar of the Wu Jian Council.
  4241 | D:6      | Reached **** piety under Trog
  4426 | D:6      | Found a shattered altar of Ashenzari.
  4545 | D:6      | Reached skill level 8 in Maces & Flails
  4652 | D:6      | Found a sand-covered staircase.
  5016 | D:7      | Reached skill level 1 in Stealth
  5148 | D:7      | Noticed Menkaure
  5157 | D:7      | Slain by Menkaure

Vault maps used:
D:1:      scummos_arrival_gate
D:2:      nicolae_ru_the_path_less_chosen, uniq_robin, uniq_jessica
D:3:      first_bread
D:4:      marbit_many_paths, gammafunk_temple_overflow_elements,
          minmay_temple_entry_grid, columned_hall_lemuel, uniq_eustachio
D:5:      nicolae_overflow_hidden_temple, corexii_leaking_fountain
D:6:      lemuel_round_altar, chequers_ossuary_entry_cave, bh_walls_and_bars
D:7:      grunt_livestock, roderic_roman_lattice, kennysheep_pointless_box,
          kennysheep_cross_bottleneck, lemuel_old_faithful, uniq_menkaure,
          uniq_crazy_yiuf_cottage

Skill      XL: |  1  2  3  4  5  6  7  8 |
---------------+-------------------------+-----
Maces & Flails | 3 4 5 6 7 8 |  8.8
Fighting       | 3 4 |  4.3
Dodging        | 3 |  3.9
Stealth        | 1 |  1.0

Action                   |  1- 3 |  4- 6 |  7- 9 || total
-------------------------+-------+-------+-------++-------
Melee: Mace              |   111 |   239 |   237 ||   587
Invok: Berserk           |     1 |     5 |     1 ||     7
Evoke: Wand              |       |       |     2 ||     2
  Use: Scroll            |     5 |     5 |     2 ||    12
       Potion            |     2 |     2 |     2 ||     6
 Stab: Distracted        |       |     1 |       ||     1
       Sleeping          |       |     1 |       ||     1
  Eat: Chunk             |    16 |    18 |    21 ||    55
Armor: Animal skin       |    57 |    68 |    72 ||   197
Dodge: Dodged            |    64 |   113 |   127 ||   304

Table legend:
 A = Spawn XP
 B = Non-spawn XP
 C = Spawn XP percentage of total XP
 D = Spawn monster count
 E = Non-spawn monster count
 F = Spawn count percentage of total count
 G = Total turns spent on level
                    A         B        C        D         E        F      G
               +---------+---------+-------+---------+---------+-------+---------
         Total |       0 |    2258 |   0.0 |       0 |     137 |   0.0 |  5157
               +---------+---------+-------+---------+---------+-------+---------
           D:1 |       0 |      43 |   0.0 |       0 |      19 |   0.0 |   704
           D:2 |       0 |     161 |   0.0 |       0 |      38 |   0.0 |  1204
           D:3 |       0 |     166 |   0.0 |       0 |      31 |   0.0 |   683
           D:4 |       0 |     543 |   0.0 |       0 |      15 |   0.0 |   878
           D:5 |       0 |     588 |   0.0 |       0 |       9 |   0.0 |   734
           D:6 |       0 |     417 |   0.0 |       0 |      11 |   0.0 |   627
           D:7 |       0 |     340 |   0.0 |       0 |      14 |   0.0 |   327
               +---------+---------+-------+---------+---------+-------+---------
